Selects Italian Combined Arms Battlegroup
Selects Bersaglieri Squad
Kradschützen Motorcycle Team
Construct Light Support Kompanie
le.IG 18 Support Gun Team
Panzerjäger Mechanized Group
Selects Semovente da 75/18 Assault Gun
Selects Carro Armato M13/40 Light Tank
Carro Armato M13/40 Light Tank
Selects Bersaglieri Bolster
Construct Panzerarmee Kommand
Construct Panzerarmee Kommand
Selects Breda Model 30 Light Machine Guns
Walking Stuka Rocket Launcher
Construct Mechanized Kompanie
18-tonne Recovery Half-track